 Dungeon Crawl Stone Soup version 0.29-a0-243-g602b31c20e (webtiles) character file.

Game seed: 5958284174291696259

2632 enile the Placeless Gnoll (level 9, -1/66 HPs)
             Began as a Gnoll Wanderer on Mar 5, 2022.
             Was an Elder of Makhleb.
             Slain by a skeletal warrior
             ... wielding a +0 short sword
             ... led by a skeletal warrior
              (16 damage)
             ... on level 6 of the Dungeon.
             The game lasted 00:16:01 (7856 turns).

enile the Placeless Gnoll (Gnoll Wanderer)          Turns: 7856, Time: 00:16:02

Health: -1/66      AC:  9    Str: 16    XL:     9   Next: 61%
Magic:  16/16      EV: 11    Int: 24    God:    Makhleb [****..]
Gold:   392        SH:  0    Dex:  6    Spells: 18/18 levels left

rFire   . . .      SeeInvis .   x - +2 quarterstaff (chaos)
rCold   . . .      Faith    +   (shield currently unavailable)
rNeg    + . .      Spirit   .   k - +0 ring mail of Boiling Hail {rN+ Regen+ Dex-4}
rPois   .          Reflect  .   (no helmet)
rElec   .          Harm     .   D - +2 cloak of the Untouchables {Will+ Regen+ Str+3 Int+4}
rCorr   +          Rampage  .   (no gloves)
Will    +....                   (no boots)
Stlth   ++........              G - amulet "Zisiapri" {Faith rCorr Int+4}
HPRegen 1.81/turn               s - ring of flight
MPRegen 0.15/turn               (no ring)

@: flying
A: fangs 1, strong nose, distributed training
a: Renounce Religion, Minor Destruction, Lesser Servant of Makhleb, Major
Destruction


You were on level 6 of the Dungeon.
You worshipped Makhleb.
Makhleb was greatly pleased with you.
You visited 1 branch of the dungeon, and saw 7 of its levels.
You also visited: Sewer.

You collected 412 gold pieces.
You spent 20 gold pieces at shops.

Inventory:

Hand Weapons
 a - a +0 dagger
 f - a +0 whip
 j - a +2 dagger of venom
 x - a +2 quarterstaff of chaos (weapon)
 E - a +0 morningstar
 F - a +0 arbalest
Missiles
 b - 16 boomerangs
 A - 4 atropa-tipped darts
Armour
 c - a +0 robe
 i - a +0 plate armour
 k - the +0 ring mail of Boiling Hail (worn) {rN+ Regen+ Dex-4}
   (You found it on level 2 of the Dungeon)

   Dex:       It affects your dexterity (-4).
   rN:        It protects you from negative energy.
   Regen:     It increases your rate of health regeneration.
 y - a +1 cloak
 D - the +2 cloak of the Untouchables (worn) {Will+ Regen+ Str+3 Int+4}
   (You found it on level 5 of the Dungeon)

   Str:       It affects your strength (+3).
   Int:       It affects your intelligence (+4).
   Regen:     It increases your rate of health regeneration.
   Will:      It increases your willpower.
Jewellery
 d - an amulet of guardian spirit
 s - a ring of flight (left hand)
 G - the amulet "Zisiapri" (around neck) {Faith rCorr Int+4}
   (You found it on level 6 of the Dungeon)

   [amulet of faith]

   It allows you to gain divine favour quickly.
   Int:       It affects your intelligence (+4).
   rCorr:     It protects you from acid and corrosion.
Wands
 v - a wand of polymorph (10)
 H - a wand of flame (6)
 I - a wand of acid (7) (quivered)
Scrolls
 e - 4 scrolls of teleportation
 h - a scroll of holy word
 l - 7 scrolls of identify {unknown}
 n - a scroll of brand weapon {unknown}
 q - 2 scrolls of torment {unknown}
 u - a scroll of amnesia
 J - a scroll of enchant weapon {unknown}
 L - a scroll of blinking
 N - a scroll of vulnerability
 O - a scroll of fear
Potions
 g - a potion of mutation {unknown}
 m - 2 potions of berserk rage {unknown}
 o - 2 potions of curing
 p - a potion of lignification
 r - 2 potions of brilliance
 t - a potion of flight {unknown}
 w - a potion of might {unknown}
 z - 4 potions of haste {unknown}
 B - 2 potions of attraction {unknown}
 C - a potion of ambrosia {unknown}
 M - a potion of heal wounds {unknown}


   Skills:
 + Level 4.4 Fighting
 + Level 4.4 Short Blades
 + Level 4.4 Long Blades
 + Level 4.4 Axes
 + Level 4.4 Maces & Flails
 + Level 4.4 Polearms
 + Level 4.4 Staves
 + Level 4.4 Slings
 + Level 4.4 Bows
 + Level 4.4 Crossbows
 + Level 5.2 Throwing
 + Level 4.4 Armour
 + Level 4.4 Dodging
 + Level 4.4 Stealth
 + Level 4.4 Shields
 + Level 4.4 Unarmed Combat
 + Level 5.3 Spellcasting
 + Level 3.6 Conjurations
 + Level 3.6 Hexes
 + Level 3.6 Summonings
 + Level 6.6 Necromancy
 + Level 9.5 Translocations
 + Level 3.6 Transmutations
 + Level 3.6 Fire Magic
 + Level 3.6 Ice Magic
 + Level 3.6 Air Magic
 + Level 3.6 Earth Magic
 + Level 3.6 Poison Magic
 + Level 4.9 Invocations
 + Level 4.4 Evocations


You had 18 spell levels left.
You didn't know any spells.
Your spell library contained the following spells:

 Spells                   Type           Power      Damage    Failure   Level
 Animate Skeleton         Necr           76%        N/A       1%          1
 Apportation              Tloc           100%       N/A       1%          1
 Gell's Gravitas          Tloc           51%        N/A       1%          3
 Teleport Other           Tloc           51%        N/A       1%          3
 Sandblast                Erth           46%        2d11      3%          1
 Slow                     Hex            92%        N/A       3%          1
 Portal Projectile        Hex/Tloc       76%        N/A       3%          3
 Vampiric Draining        Necr           38%        2d8       3%          3
 Passage of Golubria      Tloc           51%        N/A       3%          4
 Passwall                 Tmut/Erth      19%        N/A       5%          2
 Call Canine Familiar     Summ           23%        N/A       11%         3
 Confusing Touch          Hex            23%        N/A       11%         3
 Stone Arrow              Conj/Erth      46%        3d9       11%         3
 Leda's Liquefaction      Hex/Erth       11%        N/A       34%         4
 Dispersal                Tloc           25%        N/A       43%         6


Dungeon Overview and Level Annotations

Branches:
Dungeon (7/15)             Temple (0/1) D:6           Sewer (visited)

Altars:
Dithmenos
Makhleb
Qazlal
Sif Muna

Shops:
D:2 *   D:3 *   D:4 [:=


Innate Abilities, Weirdness & Mutations

You have very sharp teeth.
Your uncanny sense of smell can sniff out nearby items.
Your experience applies equally to all skills.


Message History

Your ynoxinul dies!
Your ynoxinul disappears in a puff of smoke!
Your ufetubus disappears in a puff of smoke!
Throw: 16 boomerangs
Press: ? - help, Q - select action, (/) - cycle Shift-Dir - straight line, f/p - skeletal warrior
Aim: a skeletal warrior, wielding a +0 short sword (severely damaged, fast, unaware, hasn't noticed you, 57% to hit)
You throw a boomerang.
The boomerang hits the skeletal warrior but does no damage.
The skeletal warrior is severely damaged.
Aiming: Corrosive Bolt
Press: ? - help, Q - select action, (/) - cycle Shift-Dir - straight line, f/p - skeletal warrior
Aim: a skeletal warrior, wielding a +0 short sword (severely damaged, fast, 74% to hit)
The bolt of acid hits the skeletal warrior!
The acid corrodes the skeletal warrior!
The skeletal warrior is severely damaged.
The skeletal warrior hits you but does no damage.
Aiming: Corrosive Bolt
Press: ? - help, Q - select action, (/) - cycle Shift-Dir - straight line, f/p - skeletal warrior
Aim: a skeletal warrior, wielding a +0 short sword (severely damaged, fast, covered in acid, 74% to hit)
The bolt of acid hits the skeletal warrior!
The skeletal warrior seems to be corroded for longer.
The skeletal warrior is almost destroyed.
The skeletal warrior hits you with a +0 short sword!!
The skeletal warrior hits you with a +0 short sword!
* * * LOW HITPOINT WARNING * * *
The skeletal warrior closely misses you.
The skeletal warrior closely misses you.
The skeletal warrior hits you but does no damage.
The skeletal warrior hits you but does no damage.
The skeletal warrior closely misses you.
The skeletal warrior hits you with a +0 short sword!!
* * * LOW HITPOINT WARNING * * *
Aiming: Major Destruction (22% risk of failure)
Press: ? - help, Shift-Dir - straight line, f/p - skeletal warrior
Aim: a skeletal warrior, wielding a +0 short sword (almost destroyed, fast, covered in acid)
The bolt of negative energy hits the skeletal warrior.
The skeletal warrior completely resists.
The skeletal warrior is almost destroyed.
The skeletal warrior hits you with a +0 short sword!
You die...

#.......#####
###..........
####...#######
#####.....#.......
#...........######
#.###....#.#######
#.# ##.#.#z# #...4
#.####.#.#># #4###
#@##...#.#4# #.# #
#z##.###รท#.###.#
# #.##.....#...4.#
#
#.##..##.#>#######
#.##..##..........
#..........#######
####..###### #..#
#..#


You could see a skeletal warrior (fast, corroded).

Vanquished Creatures
  A troll (D:5)
  Sigmund (D:2)
  A steam dragon (D:7)
  Menkaure (D:6)
  2 water moccasins (D:7)
  A sky beast (D:7)
  2 black bears
  An ogre (D:5)
  A centaur (D:7)
  Blork the orc (D:5)
  2 phantoms (D:5)
  A necrophage (D:5)
  2 scorpions
  A bullfrog (D:6)
  A jelly (D:7)
  Crazy Yiuf (D:2)
  2 gnoll shamans
  3 orc priests
  8 hounds
  Jessica (D:2)
  4 iguanas
  Natasha (twice) (D:2)
  An orc wizard (D:5)
  Robin (D:3)
  9 gnolls
  A river rat (Sewer)
  10 adders
  An ufetubus (D:6)
  A worm (D:3)
  3 dart slugs
  11 orcs
  2 bats
  7 endoplasms
  A giant cockroach (D:4)
  5 goblins
  7 hobgoblins
  14 jackals
  2 quokkas
  14 ball pythons
  11 frilled lizards
  4 kobolds
  8 rats
153 creatures vanquished.

Notes
Turn   | Place    | Note
-------+----------+-------------------------------------------
     0 | D:1      | enile the Gnoll Wanderer began the quest for the Orb.
     0 | D:1      | enile set off with the following items: a +0 dagger, 7
                  | boomerangs, a +0 robe; and the following spells available
                  | to memorise: Apportation, Animate Skeleton, Passage of
                  | Golubria, Vampiric Draining, Portal Projectile
     0 | D:1      | Reached XP level 1. HP: 13/13 MP: 4/4
   409 | D:1      | Found a faded altar of an unknown god.
   412 | D:1      | Reached XP level 2. HP: 19/19 MP: 5/5
   416 | D:1      | Prayed at the altar of an unknown god.
   416 | D:1      | Became a worshipper of Makhleb the Destroyer
   416 | D:1      | Reached * piety under Makhleb
  2005 | D:2      | Noticed Sigmund
  2006 | D:2      | Noticed Natasha
  2038 | D:2      | Reached XP level 3. HP: 21/25 MP: 7/7
  2049 | D:2      | Found Gote's Assorted Antiques.
  2052 | D:2      | Identified the +0 ring mail of Boiling Hail {rN+ Regen+
                  | Dex-4}
  2061 | D:2      | Found a shadowy altar of Dithmenos.
  2069 | D:2      | Bought a black potion for 20 gold pieces
  2170 | D:2      | Found a runed translucent door.
  2171 | D:2      | Noticed Crazy Yiuf
  2206 | D:2      | Reached skill level 1 in Invocations
  2339 | D:3      | Reached skill level 1 in Fighting
  2339 | D:3      | Reached skill level 1 in Short Blades
  2339 | D:3      | Reached skill level 1 in Long Blades
  2339 | D:3      | Reached skill level 1 in Axes
  2339 | D:3      | Reached skill level 1 in Maces & Flails
  2339 | D:3      | Reached skill level 1 in Polearms
  2339 | D:3      | Reached skill level 1 in Staves
  2339 | D:3      | Reached skill level 1 in Slings
  2339 | D:3      | Reached skill level 1 in Bows
  2339 | D:3      | Reached skill level 1 in Crossbows
  2339 | D:3      | Reached skill level 1 in Armour
  2339 | D:3      | Reached skill level 1 in Dodging
  2339 | D:3      | Reached skill level 1 in Stealth
  2339 | D:3      | Reached skill level 1 in Shields
  2339 | D:3      | Reached skill level 1 in Unarmed Combat
  2339 | D:3      | Reached skill level 1 in Evocations
  2460 | D:3      | Found Goaxtici's Assorted Antiques.
  2473 | D:3      | Found a stormy altar of Qazlal.
  2488 | D:3      | Found a glowing drain.
  2501 | Sewer    | Entered a sewer
  2530 | Sewer    | Reached XP level 4. HP: 18/32 MP: 6/8
  2739 | Sewer    | Reached skill level 1 in Conjurations
  2739 | Sewer    | Reached skill level 1 in Hexes
  2739 | Sewer    | Reached skill level 1 in Summonings
  2739 | Sewer    | Reached skill level 1 in Transmutations
  2739 | Sewer    | Reached skill level 1 in Fire Magic
  2739 | Sewer    | Reached skill level 1 in Ice Magic
  2739 | Sewer    | Reached skill level 1 in Air Magic
  2739 | Sewer    | Reached skill level 1 in Earth Magic
  2739 | Sewer    | Reached skill level 1 in Poison Magic
  2826 | Sewer    | Reached ** piety under Makhleb
  3112 | D:3      | Noticed Robin
  3140 | D:3      | Killed Robin
  3306 | D:2      | Reached XP level 5. HP: 37/37 MP: 7/9
  3391 | D:2      | Killed Natasha
  3395 | D:2      | Noticed Natasha
  3406 | D:2      | Killed Natasha
  3442 | D:2      | Noticed Jessica
  3445 | D:2      | Killed Jessica
  3557 | D:2      | Killed Sigmund
  3558 | D:2      | Reached XP level 6. HP: 32/44 MP: 3/11
  3786 | D:2      | Killed Crazy Yiuf
  4297 | D:4      | Found Guezirphe's Armour Emporium.
  4304 | D:4      | Reached skill level 9 in Translocations
  4325 | D:3      | Reached XP level 7. HP: 38/50 MP: 10/12
  4409 | D:4      | Reached *** piety under Makhleb
  4456 | D:4      | Found Soci's Book Boutique.
  4510 | D:4      | Found a shimmering blue altar of Sif Muna.
  4589 | D:4      | Found Ubesui's Jewellery Emporium.
  4938 | D:5      | Entered Level 5 of the Dungeon
  5085 | D:5      | Identified the +2 cloak of the Untouchables {Will+ Regen+
                  | Str+3 Int+4}
  5194 | D:5      | Reached XP level 8. HP: 57/57 MP: 7/14
  5830 | D:6      | Noticed a troll
  5864 | D:5      | Killed a troll
  5963 | D:6      | Noticed Blork the orc
  5984 | D:5      | Killed Blork the orc
  6039 | D:6      | Identified the amulet "Zisiapri" {Faith rCorr Int+4}
  6435 | D:6      | Noticed Menkaure
  6470 | D:6      | Killed Menkaure
  6471 | D:6      | Reached XP level 9. HP: 65/65 MP: 16/16
  6654 | D:6      | Reached **** piety under Makhleb
  7057 | D:6      | Found a staircase to the Ecumenical Temple.
  7157 | D:6      | Reached skill level 5 in Spellcasting
  7431 | D:7      | Reached skill level 5 in Throwing
  7737 | D:7      | Noticed a skeletal warrior
  7737 | D:7      | Noticed a skeletal warrior
  7737 | D:7      | Noticed a skeletal warrior
  7738 | D:7      | Noticed a skeletal warrior
  7856 | D:6      | Slain by a skeletal warrior

Illustrated notes

Levels and vault maps discovered:
D:1:      minmay_arrival_up_and_down, layout_loops_cross,
          nicolae_ecumenical_snake_handling
D:2:      layout_rooms, serial_shops, shop_statue, basic_altar,
          kennysheep_generic_room_8, uniq_sigmund, uniq_jessica,
          uniq_crazy_yiuf_cottage, uniq_natasha
D:3:      layout_basic, grunt_qazlal_clouds, cheibrodos_sewer_entry_sluice,
          serial_shops, shop, uniq_robin
D:4:      layout_rooms, marbit_many_paths, serial_shops,
          nicolae_inconvenience_store, nicolae_stop_n_shop_2,
          nicolae_shop_stone, chequers_serial_rivers_micro_d
D:5:      layout_loops_ring
D:6:      layout_loops_ring, minmay_temple_entry_enclosed_plants,
          uniq_blork_the_orc, uniq_menkaure
D:7:      layout_gridville, serial_shops, shop, shop

Skill      XL: |  1  2  3  4  5  6  7  8  9 |
---------------+----------------------------+-----
Invocations    | 1 2 3 4 |  4.9
Fighting       | 1 2 3 4 |  4.4
Short Blades   | 1 2 3 4 |  4.4
Long Blades    | 1 2 3 4 |  4.4
Axes           | 1 2 3 4 |  4.4
Maces & Flails | 1 2 3 4 |  4.4
Polearms       | 1 2 3 4 |  4.4
Staves         | 1 2 3 4 |  4.4
Slings         | 1 2 3 4 |  4.4
Bows           | 1 2 3 4 |  4.4
Crossbows      | 1 2 3 4 |  4.4
Armour         | 1 2 3 4 |  4.4
Dodging        | 1 2 3 4 |  4.4
Stealth        | 1 2 3 4 |  4.4
Shields        | 1 2 3 4 |  4.4
Unarmed Combat | 1 2 3 4 |  4.4
Evocations     | 1 2 3 4 |  4.4
Spellcasting   | 3 4 5 |  5.3
Conjurations   | 1 2 3 |  3.6
Hexes          | 1 2 3 |  3.6
Summonings     | 1 2 3 |  3.6
Transmutations | 1 2 3 |  3.6
Fire Magic     | 1 2 3 |  3.6
Ice Magic      | 1 2 3 |  3.6
Air Magic      | 1 2 3 |  3.6
Earth Magic    | 1 2 3 |  3.6
Poison Magic   | 1 2 3 |  3.6
Throwing       | 3 4 5 |  5.2
Translocations | 9 |  9.5
Necromancy     | 6 |  6.6

Action                   |  1- 3 |  4- 6 |  7- 9 || total
-------------------------+-------+-------+-------++-------
Melee: Dagger            |   229 |   119 |       ||   348
       Bite              |    10 |    14 |    25 ||    49
       Punch             |     1 |     1 |       ||     2
       Whip              |       |    72 |       ||    72
       Quarterstaff      |       |    33 |   364 ||   397
 Fire: Arbalest          |       |       |    30 ||    30
Throw: Boomerang         |    41 |    27 |     6 ||    74
Invok: Minor Destruction |       |     2 |     4 ||     6
       Lesser Servant of |       |       |     2 ||     2
       Major Destruction |       |       |     1 ||     1
Evoke: Wand              |       |       |     2 ||     2
  Use: Potion            |     3 |       |     1 ||     4
       Scroll            |     5 |     2 |     2 ||     9
 Stab: Paralysed         |       |       |     3 ||     3
Armor: Robe              |    16 |       |       ||    16
       Plate armour      |    30 |       |       ||    30
       Skin              |    18 |       |    35 ||    53
       Ring mail         |    48 |    96 |   236 ||   380
Dodge: Dodged            |   138 |   147 |   294 ||   579

Table legend: (Time is in decaauts)
 A = Elapsed time spent in this place.
 B = Non-inter-level travel time spent in this place.
 C = Inter-level travel time spent in this place.
 D = Time resting spent in this place.
 E = Time spent auto-exploring this place.
 F = Levels seen in this place.
 G = Mean time per level.
                   A        B        C        D        E       F      G
               +--------+--------+--------+--------+--------+-----+--------+
         Total |   8019 |   7591 |    428 |    414 |   5124 |   8 | 1002.4 |
       Dungeon |   7423 |   6995 |    428 |    394 |   4781 |   7 | 1060.4 |
         Sewer |    596 |    596 |      0 |     20 |    342 |   1 |  596.0 |
               +--------+--------+--------+--------+--------+-----+--------+

Top non-repeatable levels by time:
     D:1: 1987 daAuts
     D:5: 1109 daAuts
     D:7: 977 daAuts
     D:3: 935 daAuts
     D:6: 900 daAuts
     D:2: 893 daAuts
     D:4: 619 daAuts
   Sewer: 596 daAuts
